 Dungeon Crawl Stone Soup version 0.31.0-32-g396128a36d (webtiles) character file.

Game seed: 8589540552327783596

1 Boulder the Conjurer (level 1, -1/13 HPs)
             Began as a Human Conjurer on Apr 13, 2024.
             Frozen to death by an endoplasm (3 damage)
             ... on level 1 of the Dungeon.
             The game lasted 00:00:41 (104 turns).

Boulder the Conjurer (Human Conjurer)                Turns: 104, Time: 00:00:42

Health: -1/13      AC:  2    Str:  7    XL:     1   Next: 20%
Magic:  3/3        EV: 12    Int: 18    God:
Gold:   14         SH:  0    Dex: 11    Spells: 3/4 levels left

rFire   . . .        (no weapon)
rCold   . . .        (no shield)
rNeg    . . .        a - +0 robe
rPois   .            (no helmet)
rElec   .            (no cloak)
rCorr   .            (no gloves)
SInv    .            (no boots)
Will    .....        (no amulet)
Stlth   ++           (no ring)
HPRegen 0.22/turn    (no ring)
MPRegen 0.08/turn

%: no passive effects
@: no status effects
A: explore regen
a: no special abilities


You were on level 1 of the Dungeon.
You visited 1 branch of the dungeon, and saw 1 of its levels.

You collected 14 gold pieces.

Inventory:

Armour
 a - a +0 robe (worn)
Scrolls
 c - a scroll of identify {unknown}
Potions
 b - a potion of magic


   Skills:
 + Level 2.0 Dodging
 + Level 2.0 Stealth
 + Level 2.0 Spellcasting
 + Level 4.0 Conjurations


You had 3 spell levels left.
You knew the following spells:

 Your Spells              Type           Power      Damage    Failure   Level
a - Magic Dart            Conj           64%        1d6       3%          1

Your spell library contained the following spells:

 Spells                   Type           Power      Damage    Failure   Level
 Searing Ray              Conj           32%        2d5       5%          2
 Fulminant Prism          Conj/Alch      4%         3d5       61%         4
 Iskenderun's Mystic Bla  Conj/Tloc      9%         2d4       61%         4


Dungeon Overview and Level Annotations

Branches:
Dungeon (1/15)

Altars:


Innate Abilities, Weirdness & Mutations

You regain HP and MP as you explore.


Message History

Found a stone staircase leading down.
You now have 14 gold pieces (gained 11).
There is a stone staircase leading down here.
You open the door.
Found a scroll labelled QOX HEBLEYBB.
Found a stone staircase leading down.
There is an open door here.
An endoplasm comes into view.
Found a runed orb.
The endoplasm quivers.
There is a stone staircase leading down here.
The endoplasm freezes you.
You are frozen.
You hit the endoplasm.
You punch the endoplasm, but do no damage.
The endoplasm is moderately wounded.
The endoplasm freezes you.
You are frozen.
There is a stone staircase leading down here.
There is an open door here.
An endoplasm comes into view.
The endoplasm quivers.
The endoplasm attacks as it pursues you!
The endoplasm barely misses you.
You hit the endoplasm but do no damage.
The endoplasm is moderately wounded.
The endoplasm freezes you.
You are frozen.
* * * LOW HITPOINT WARNING * * *
You hit the endoplasm.
The endoplasm is severely wounded.
The endoplasm misses you.
You hit the endoplasm.
You kill the endoplasm!
The endoplasm hits you.
* * * LOW HITPOINT WARNING * * *
You hit the endoplasm.
The endoplasm is moderately wounded.
The endoplasm freezes you.
You are frozen.
You die...

... ..# #.## #.##.# #.# ...#
#.##.# #J# #..# #.##.# #.# ##+##
## #..# #.##.# #.# ##...##
..####..# #.##.###.# ##.....##
#.......# #.##.#.#.# ##...?...##
##...##.####(...@J..###.........#
#..................>..'>......[.+
##......#######....####.........#
#........# #........# ##.......##
#####.##.###.##.###.# ##.....##
#.##..## #.# .# ##....# #.###.###
#.# .# ##+#.# #.# ##..###.. .. .#
..# #...###. ## #


You could see an endoplasm.

Vanquished Creatures
  An endoplasm (D:1)
1 creature vanquished.

Notes
Turn   | Place    | Note
-------+----------+-------------------------------------------
     0 | D:1      | Boulder the Human Conjurer began the quest for the Orb.
     0 | D:1      | Reached XP level 1. HP: 13/13 MP: 3/3
   104 | D:1      | Frozen to death by an endoplasm

Illustrated notes

Levels and vault maps discovered:
D:1:      lemuel_arrival_tunnels, layout_loops_corners, serial_aquarium,
          aquarium_bridge_straight [aquarium_subvault_bridge,
          aquarium_subvault_wall, aquarium_subvault_bridge,
          aquarium_subvault_window], aquarium_bridge_long_joined
          [aquarium_subvault_wall, aquarium_subvault_bridge,
          aquarium_subvault_bridge, aquarium_subvault_bridge,
          aquarium_subvault_bridge, aquarium_subvault_bridge],
          aquarium_window_2, aquarium_window_fake, aquarium_view_2e,
          aquarium_pool_double

Action                     || total
---------------------------++-------
  Melee: Unarmed           ||     5
         Punch             ||     1
 Armour: Robe              ||     1
  Dodge: Dodged            ||     2
